 Dungeon Crawl Stone Soup version 0.21.1-1-g345015fe64 (webtiles) character file.

12453 Revguard the Cleaver (level 11, -9/66 HPs)
             Began as a Gargoyle Fighter on June 8, 2018.
             Was a High Priest of the Shining One.
             Mangled by a skeletal warrior
             ... wielding a +0 scimitar
             ... led by a skeletal warrior
              (22 damage)
             ... on level 11 of the Dungeon.
             The game lasted 00:44:31 (7970 turns).

Revguard the Cleaver (Gargoyle Fighter)             Turns: 7970, Time: 00:44:32

Health: -9/66      AC: 23    Str: 22    XL:     11   Next: 93%
Magic:  15/15      EV:  5    Int: 10    God:    the Shining One [*****.]
Gold:   635        SH: 16    Dex: 14    Spells: 10/10 levels left

rFire    . . .     SeeInvis .   b - +2 broad axe (elec)
rCold    . . .     Gourm    .   I - +0 large shield
rNeg     + + +     Faith    .   Q - +0 plate armour
rPois    ∞         Spirit   .   G - +0 helmet
rElec    +         Reflect  .   (no cloak)
rCorr    .         Harm     +   p - +0 pair of gloves
MR       +....                  (no boots)
Stlth    ..........             m - amulet of harm
HPRegen  0.21/turn              B - ring of protection from magic
MPRegen  0.14/turn              q - +5 ring of dexterity

@: glowing
A: negative energy resistance 1, electricity resistance, unbreathing,
petrification resistance, rot immunity, AC +8
a: Divine Shield, Cleansing Flame, Summon Divine Warrior, Renounce Religion


You were on level 11 of the Dungeon.
You worshipped the Shining One.
The Shining One was extremely pleased with you.
You were not hungry.

You visited 2 branches of the dungeon, and saw 12 of its levels.

You collected 635 gold pieces.

Inventory:

Hand Weapons
 a - a +0 war axe
 b - a +2 broad axe of electrocution (weapon)
 j - a +4 war axe
 t - a +0 arbalest
Missiles
 C - 91 bolts
Armour
 c - a +0 shield
 e - a +1 troll leather armour
 p - a +0 pair of gloves (worn)
 G - a +0 helmet (worn)
 I - a +0 large shield (worn)
 Q - a +0 plate armour (worn)
Jewellery
 l - an uncursed ring of protection from fire
 m - an amulet of harm (around neck)
 q - a +5 ring of dexterity (right hand)
 w - an uncursed amulet of faith
 y - an uncursed ring of stealth
 B - a ring of protection from magic (left hand)
 D - an uncursed amulet of rage
 H - an uncursed amulet of magic regeneration
 L - an uncursed ring of wizardry
Wands
 r - a wand of flame (38)
 J - a wand of polymorph (14)
 P - a wand of iceblast (10)
Scrolls
 h - 2 scrolls of amnesia
 i - 3 scrolls of fog
 o - 5 scrolls of teleportation
 z - 2 scrolls of fear
 K - 2 scrolls of remove curse
 N - a scroll of blinking {unknown}
 O - a scroll of torment {unknown}
Potions
 d - a potion of mutation {unknown}
 g - 3 potions of curing
 k - 3 potions of haste
 s - 2 potions of resistance
 u - a potion of degeneration {unknown}
 v - 2 potions of lignification {unknown}
 x - a potion of flight {unknown}
 A - 3 potions of agility {unknown}
 E - a potion of cancellation {unknown}
 F - a potion of invisibility
Books
 M - a book of Frost

   Spells                             Type                      Level
   a - Freeze                         Ice                          1
   b - Throw Frost                    Conjuration/Ice              2
   c - Ozocubu's Armour               Charms/Ice                   3
   d - Throw Icicle                   Conjuration/Ice              4
   e - Summon Ice Beast               Ice/Summoning                4
Comestibles
 f - 14 rations


   Skills:
 + Level 6.8 Fighting
 + Level 9.9 Axes
 - Level 5.9 Crossbows
 + Level 5.8 Armour
 * Level 5.6 Dodging
 - Level 0.7 Stealth
 * Level 7.4 Shields
 * Level 5.9 Invocations
 - Level 5.5 Evocations


You had 10 spell levels left.
You didn't know any spells.

Dungeon Overview and Level Annotations

Branches:
Dungeon (11/15)            Temple (1/1) D:5             Orc (0/2) D:11
   Lair: D:8-11

Altars:
Ashenzari
Cheibriados
Dithmenos
Elyvilon
Fedhas
Gozag
Hepliaklqana
Kikubaaqudgha
Makhleb
Nemelex Xobeh
Okawaru
Qazlal
Ru
Sif Muna
Trog
Uskayaw
Vehumet
Wu Jian
Xom
Yredelemnul
Zin
The Shining One

Shops:
D:6 }   D:10 =   D:11 %


Innate Abilities, Weirdness & Mutations

You are resistant to torment.
Your stone body is resilient. (AC +8)
You are immune to poison.
You resist negative energy. (rN+)
You are resistant to electric shocks. (rElec)
You can survive without breathing.
You are immune to petrification.
You are immune to rotting.


Message History

Lightning courses through the skeletal warrior!
The skeletal warrior hits you with a hand axe!
You block the skeletal warrior's attack.
The skeletal warrior hits you with a scimitar!
You slash the skeletal warrior!
The skeletal warrior is moderately damaged.
You hit the skeletal warrior but do no damage.
You slash the skeletal warrior!
Lightning courses through the skeletal warrior!
The skeletal warrior hits you but does no damage. x2
You block the skeletal warrior's attack.
You hit the skeletal warrior.
The skeletal warrior is heavily damaged.
You hit the skeletal warrior but do no damage.
You hit the skeletal warrior.
The skeletal warrior hits you with a hand axe!!
The skeletal warrior hits you with a mace!
* * * LOW HITPOINT WARNING * * *
The skeletal warrior hits you with a scimitar!!
You die...

#.# #.# #.#
### #.# #.#
#.. #.# #.#
#.# #.# #.#
#.# #.# #.#
#.#####.#.# #
#zzZ....#.#
#.#@#######.#
#.z.........#
###..########
.......
####.#### ###


You could see 3 skeletal warriors and a goblin zombie.

Vanquished Creatures
  A two-headed ogre (D:11)
  Nergalle (D:11)
  An unseen horror (D:11)
  A deep elf mage (D:10)
  An ugly thing (D:11)
  The ghost of McKennaii the Magician, a novice DEIE (D:5)
  A troll (D:9)
  A hornet (D:11)
  A hippogriff (D:7)
  The ghost of Peloso the Skirmisher, an amateur MiFi (D:3)
  19 yaks
  Menkaure (D:7)
  4 hungry ghosts
  3 sky beasts
  A phantom (D:4)
  2 ice beasts
  2 orc warriors
  A black bear (D:6)
  A necrophage (D:10)
  5 ogres
  2 centaurs
  A crocodile (D:10)
  4 big kobolds
  9 bullfrogs
  5 scorpions
  A water moccasin skeleton (D:6)
  2 troll zombies (D:11)
  11 killer bees
  15 wights
  A howler monkey (D:8)
  5 crimson imps
  3 bullfrog zombies
  2 centaur zombies
  6 orc priests
  A bullfrog skeleton (D:9)
  6 hounds
  3 jellies
  9 orc wizards
  A centaur skeleton (D:6)
  2 iguanas (D:6)
  8 worker ants
  4 ogre zombies (D:11)
  8 adders
  3 gnolls (D:4)
  2 shadow imps
  4 oozes
  A worm (D:5)
  5 dart slugs
  2 leopard geckos (D:3)
  28 orcs
  A ball python (D:3)
  6 bats
  5 giant cockroaches
  10 goblins
  4 hobgoblins
  5 jackals
  6 quokkas
  6 frilled lizards
  A goblin skeleton (D:11)
  2 goblin zombies (D:11)
  2 hobgoblin skeletons (D:11)
  31 kobolds
  A leopard gecko skeleton (D:8)
  2 orc skeletons (D:11)
  9 orc zombies (D:11)
  5 rats
299 creatures vanquished.

Vanquished Creatures (others)
  A crimson imp (D:10)
  A hound (D:10)
  A jelly (D:10)
3 creatures vanquished.

Grand Total: 302 creatures vanquished

Notes
Turn   | Place    | Note
-------+----------+-------------------------------------------
     0 | D:1      | Revguard the Gargoyle Fighter began the quest for the Orb.
     0 | D:1      | Reached XP level 1. HP: 14/14 MP: 1/1
   153 | D:1      | Reached XP level 2. HP: 19/19 MP: 2/2
   624 | D:1      | Reached skill level 2 in Axes
   924 | D:2      | Reached XP level 3. HP: 23/23 MP: 3/3
   945 | D:2      | Reached skill level 1 in Dodging
   945 | D:2      | Reached XP level 4. HP: 12/29 MP: 4/4
  1501 | D:2      | Found a glowing golden altar of the Shining One.
  1509 | D:2      | Became a worshipper of the Shining One
  1646 | D:2      | Found a snail-covered altar of Cheibriados.
  1656 | D:2      | Reached XP level 5. HP: 33/33 MP: 5/5
  1664 | D:2      | Reached skill level 3 in Axes
  1841 | D:3      | Noticed Peloso's ghost (amateur MiFi)
  1860 | D:3      | Killed Peloso's ghost
  1860 | D:3      | Reached skill level 1 in Invocations
  1860 | D:3      | Reached XP level 6. HP: 26/38 MP: 5/7
  1974 | D:3      | You fall through a shaft for 3 floors!
  2016 | D:6      | Reached skill level 4 in Axes
  2068 | D:6      | Reached XP level 7. HP: 40/43 MP: 8/8
  2277 | D:6      | Found an opulent altar of Gozag.
  2326 | D:6      | Found a stormy altar of Qazlal.
  2367 | D:6      | Found Ycipsoun's Gadget Shoppe.
  2532 | D:6      | Reached * piety under the Shining One
  2799 | D:6      | Reached skill level 1 in Crossbows
  2866 | D:6      | Reached skill level 1 in Evocations
  3018 | D:5      | Entered Level 5 of the Dungeon
  3022 | D:5      | Found a staircase to the Ecumenical Temple.
  3029 | Temple   | Entered the Ecumenical Temple
  3183 | D:5      | Reached XP level 8. HP: 48/48 MP: 10/10
  3270 | D:5      | Reached skill level 5 in Axes
  3313 | D:5      | Reached skill level 5 in Shields
  3314 | D:5      | Noticed McKennaii's ghost (novice DEIE)
  3321 | D:5      | Killed McKennaii's ghost
  3321 | D:5      | Reached ** piety under the Shining One
  3583 | D:5      | Reached XP level 9. HP: 42/52 MP: 11/11
  3680 | D:5      | Found a sparkling altar of Nemelex Xobeh.
  3931 | D:4      | Reached skill level 6 in Axes
  4105 | D:4      | Found a shadowy altar of Dithmenos.
  4857 | D:3      | Found a burning altar of Makhleb.
  4858 | D:3      | Found a shimmering altar of Xom.
  5125 | D:7      | Reached skill level 5 in Fighting
  5189 | D:7      | Reached *** piety under the Shining One
  5225 | D:7      | Noticed Menkaure
  5236 | D:7      | Killed Menkaure
  5457 | D:7      | Reached skill level 7 in Axes
  5457 | D:7      | Reached skill level 5 in Invocations
  5528 | D:8      | Reached skill level 5 in Armour
  5572 | D:8      | Reached XP level 10. HP: 44/59 MP: 13/13
  6138 | D:9      | Found a shattered altar of Ashenzari.
  6236 | D:9      | Found a blossoming altar of Fedhas.
  6274 | D:9      | Reached **** piety under the Shining One
  6524 | D:10     | Entered Level 10 of the Dungeon
  6566 | D:10     | Found Peijakye's Jewellery Boutique.
  6698 | D:10     | Reached skill level 8 in Axes
  6738 | D:10     | Noticed a deep elf mage
  6752 | D:10     | Killed a deep elf mage
  6752 | D:10     | Reached skill level 5 in Crossbows
  6753 | D:10     | Reached skill level 5 in Dodging
  6863 | D:10     | Reached XP level 11. HP: 47/64 MP: 14/14
  6868 | D:10     | Reached skill level 5 in Evocations
  6957 | D:10     | Identified a scroll of acquirement
  7335 | D:11     | Noticed Nergalle
  7346 | D:11     | Killed Nergalle
  7346 | D:11     | Reached skill level 9 in Axes
  7374 | D:11     | Found Lucoluet's Food Shop.
  7405 | D:11     | Reached ***** piety under the Shining One
  7479 | D:11     | Found a staircase to the Orcish Mines.
  7484 | D:11     | Noticed an unseen horror
  7488 | D:11     | Killed an unseen horror
  7551 | D:11     | Noticed a two-headed ogre
  7558 | D:11     | Killed a two-headed ogre
  7888 | D:11     | Noticed a red ugly thing
  7899 | D:11     | Killed a red ugly thing
  7965 | D:11     | Noticed a skeletal warrior
  7965 | D:11     | Noticed a skeletal warrior
  7967 | D:11     | Noticed a skeletal warrior
  7970 | D:11     | Mangled by a skeletal warrior

Skill      XL: |  1  2  3  4  5  6  7  8  9 10 11 |
---------------+----------------------------------+-----
Axes           | 2 3 4 5 7 8 9 |  9.9
Dodging        | 1 2 3 4 5 |  5.6
Fighting       | 4 5 6 |  6.8
Armour         | 4 5 |  5.8
Shields        | 4 5 6 7 |  7.4
Invocations    | 1 3 5 |  5.9
Crossbows      | 1 2 3 5 |  5.9
Evocations     | 1 2 3 4 5 |  5.5
Stealth        | |  0.7

Action                   |  1- 3 |  4- 6 |  7- 9 | 10-12 || total
-------------------------+-------+-------+-------+-------++-------
Melee: War axe           |    68 |   153 |   261 |   162 ||   644
       Broad axe         |       |       |       |   140 ||   140
Invok: Divine Shield     |       |       |       |     1 ||     1
  Use: Potion            |     2 |     1 |     1 |     3 ||     7
       Scroll            |       |       |    12 |     5 ||    17
  Eat: Ration            |       |     1 |     4 |     4 ||     9
       Chunk             |       |       |     2 |     2 ||     4
Armor: Scale mail        |    58 |    28 |       |       ||    86
       Chain mail        |       |    95 |   171 |    71 ||   337
       Troll leather arm |       |       |       |    82 ||    82
       Plate armour      |       |       |       |     2 ||     2
Dodge: Dodged            |    24 |    51 |    92 |   147 ||   314
Block: Shield            |    39 |   101 |   167 |   199 ||   506
       Large shield      |       |       |       |     3 ||     3
